 Dungeon Crawl Stone Soup version 0.24-a0-809-g71cb82dfb8 (webtiles) character file.

Game seed: 11342647798801587826, levelgen mode: deterministic

25 HumanIsDead the Grave Robber (level 3, -1/24 HPs)
             Began as a Human Necromancer on Oct 11, 2019.
             Slain by an adder (4 damage)
             ... on level 2 of the Dungeon.
             The game lasted 00:06:07 (1686 turns).

HumanIsDead the Grave Robber (Human Necromancer)    Turns: 1686, Time: 00:06:08

Health: -1/24      AC:  2    Str:  8    XL:     3   Next: 17%
Magic:  6/6        EV: 12    Int: 16    God:
Gold:   63         SH:  0    Dex: 13    Spells: 4/6 levels left

rFire    . . .     SeeInvis .   e - +0 dagger
rCold    . . .     Gourm    .   (no shield)
rNeg     . . .     Faith    .   a - +0 robe
rPois    .         Spirit   .   (no helmet)
rElec    .         Reflect  .   (no cloak)
rCorr    .         Harm     .   (no gloves)
MR       .....                  (no boots)
Stlth    ++........             (no amulet)
HPRegen  0.08/turn              (no ring)
MPRegen  0.10/turn              (no ring)

@: lethally poisoned (-1 -> -9)
A: no striking features
a: no special abilities


You were on level 2 of the Dungeon.
You were hungry.

You visited 1 branch of the dungeon, and saw 2 of its levels.

You collected 63 gold pieces.

Inventory:

Hand Weapons
 e - a +0 dagger (weapon)
Missiles
 j - 19 poisoned darts (quivered)
Armour
 a - a +0 robe (worn)
 d - a +0 shield
Scrolls
 b - a scroll of amnesia {unknown}
 g - a scroll of fog {unknown}
 h - a scroll of enchant weapon {unknown}
 k - a scroll of identify {unknown}
Potions
 f - 2 potions of curing {unknown}
 i - a potion of cancellation {unknown}
Comestibles
 c - 4 rations


   Skills:
 - Level 2.0 Dodging
 + Level 3.6 Stealth
 - Level 2.0 Spellcasting
 - Level 4.0 Necromancy


You had 4 spell levels left.
You knew the following spells:

 Your Spells              Type           Power        Failure   Level  Hunger
a - Pain                  Necr           ##..         4%          1    #......
b - Animate Skeleton      Necr           N/A          4%          1    #......

Your spell library contained the following spells:

 Spells                   Type           Power        Failure   Level  Hunger
 Vampiric Draining        Necr           ##........   12%         3    ###....
 Regeneration             Chrm/Necr      #.........   26%         3    ###....
 Animate Dead             Necr           N/A          36%         4    #####..


Dungeon Overview and Level Annotations

Branches:
Dungeon (2/15)

Altars:
Dithmenos
Makhleb
Okawaru
Zin


Message History

You hit the adder.
The adder is almost dead.
The adder closely misses you. The adder misses you.
You closely miss the adder.
The adder is almost dead.
The adder barely misses you.
You hit the adder but do no damage.
The adder is almost dead.
The adder closely misses you.
You miss the adder.
The adder is almost dead.
You feel sick. The adder bites you.
* * * LOW HITPOINT WARNING * * *
You are lethally poisoned!
The adder poisons you! The adder barely misses you.
Unknown command.
You barely miss the adder.
The adder is almost dead.
The adder bites you.
You die...

... ..#
##.##
... ...
#.# #S#
#@# #.#
#.# #.#
#.# #.#
######
######.#
#....#
#......#
#.##.#
#......#
#.##.#


You could see an adder.

Vanquished Creatures
  An ooze (D:1)
  A leopard gecko (D:1)
  2 bats (D:1)
  6 goblins
  A hobgoblin (D:1)
  2 kobolds
  2 frilled lizards
  2 rats (D:1)
17 creatures vanquished.

Vanquished Creatures (collateral kills)
  A dart slug (D:2)
  A kobold (D:1)
2 creatures vanquished.

Grand Total: 19 creatures vanquished

Notes
Turn   | Place    | Note
-------+----------+-------------------------------------------
     0 | D:1      | HumanIsDead the Human Necromancer began the quest for the
                  | Orb.
     0 | D:1      | Reached XP level 1. HP: 13/13 MP: 3/3
    96 | D:1      | Reached XP level 2. HP: 7/19 MP: 0/5
   298 | D:1      | Learned a level 1 spell: Animate Skeleton
   970 | D:1      | Found an iron altar of Okawaru.
  1330 | D:2      | Found a shadowy altar of Dithmenos.
  1331 | D:2      | Found a glowing silver altar of Zin.
  1339 | D:2      | Reached XP level 3. HP: 21/24 MP: 6/6
  1343 | D:2      | Found a burning altar of Makhleb.
  1686 | D:2      | Slain by an adder

Levels and vault maps discovered:
D:1:      evilmike_arrival_come_back, layout_basic,
          chequers_serial_rivers_small_b, okawaru_ov_weapons_minmay
D:2:      layout_basic, chequers_temple_overflow_statue_of_worship, first_ration

Skill      XL: |  1  2 |
---------------+-------+-----
Stealth        | 3 |  3.6
Dodging        | |  2.0
Spellcasting   | |  2.0
Necromancy     | |  4.0

Action                   || total
-------------------------++-------
Melee: Dagger            ||    60
 Cast: Pain              ||    18
       Animate Skeleton  ||     4
 Stab: Sleeping          ||     3
  Eat: Chunk             ||     2
Armor: Robe              ||    10
Dodge: Dodged            ||    36

Table legend:
 A = Non-vault XP
 B = Vault XP
 C = Vault XP percentage of total XP
 D = Non-vault monster count
 E = Vault monster count
 F = Vault count percentage of total count
                 A         B        C        D         E       F
            +---------+---------+-------+---------+---------+-------
      Total |      36 |       0 |   0.0 |      19 |       0 |   0.0
            +---------+---------+-------+---------+---------+-------
        D:1 |      24 |       0 |   0.0 |      12 |       0 |   0.0
        D:2 |      12 |       0 |   0.0 |       7 |       0 |   0.0
            +---------+---------+-------+---------+---------+-------
